cohdb
Replays
Latest Replays
All Replays
Popular Replays
Top Player Replays
Match Explorer
How It Works
Community
CoH3 Stats
Reddit
Sign in to upload your games and track your stats! →
Sign in with Steam
Match 40915345
Unlisted
Match 40915345
Overview
Messages
Build Orders
End
Construct Weapon Support Center
Selects Special Operations Battlegroup
Selects M29 Weasel Recon Vehicle
M29 Weasel Recon Vehicle
M1919 Machine Gun Team
Engineer Squad
M1919 Machine Gun Team
M29 Weasel Recon Vehicle
Mechanized Support Center
Selects Raiding Flares
M3 Armored Personnel Carrier
M3 Armored Personnel Carrier
Improvised Armor
Designate Forward Repair Station
Raiding Flares
Selects SSF Commando Squad
SSF Commando Squad
SSF Commando Squad
Construct Tank Depot
Selects Mark Vehicle
Selects UNKNOWN (2162291)
Raiding Flares
M4A1 Sherman Whizbang
Raiding Flares
Designate Forward Repair Station
M4A1 Sherman Whizbang
M3 Armored Personnel Carrier
Selects Air Re-supply Operation
Improved M9 Bazooka Rockets
Der schöne Bob
Huzi
E.King
Heinz Ketchup
Scat
BT-7274
Semmelbresel
SKOBADARK
0
0
Comments
sign in to comment!
No comments posted yet!